Map: Ley Lines

Players

Nicoract - Winner!

  • Race: Terran Terran
  • Spawn Location: 7:00

Vindicta

  • Race: Terran Terran
  • League: Master
  • Spawn Location: 1:00

VOD

Have the link to the VOD?

Description

Time

  • Played on: July 29, 2025, 8:01 p.m.
  • Length: 11:06
Show
View Real Time Build Order
Export as new Build Order

Nicoract Terran - Winner!

Build Orders:  

Get SALT Encoding   

  12  0:00  SCV  
  13  0:12  SCV  
  14  0:17  Supply Depot  
  14  0:24  SCV  
  15  0:38  SCV  
  15  0:40  Barracks  
  16  0:43  Refinery  
  16  0:50  SCV  
  16  0:52  Refinery  
  17  1:02  SCV  
  18  1:14  SCV  
  19  1:27  Orbital Command  
  19  1:28  Reaper  
  19  1:29  Supply Depot  
  20  1:43  Factory  
  20  1:54  SCV  
  21  2:00  Reaper  
  22  2:06  SCV  
  23  2:20  SCV  
  23  2:21  Command Center  
  26  2:30  Hellion  
  26  2:32  SCV  
  26  2:35  Reaper  
  28  2:38  Supply Depot  
  28  2:44  SCV  
  28  2:47  Starport  
  29  2:53  Hellion  
  31  2:59  SCV  
  32  3:06  Refinery  
  32  3:08  Barracks Reactor  
  32  3:11  SCV  
  33  3:16  Factory Tech Lab  
  33  3:25  Starport Tech Lab  
  33  3:26  SCV  
  34  3:35  Orbital Command  
  34  3:38  SCV  
  35  3:41  Cyclone  
  34  3:51  Raven  
  34  3:52  Marine x2  
  34  3:54  SCV  
  39  4:02  SCV, Supply Depot  
  40  4:06  SCV  
  40  4:09  Marine  
  41  4:10  Marine  
  41  4:13  Siege Tank  
  41  4:14  SCV  
  47  4:18  SCV  
  48  4:25  Raven  
  48  4:26  SCV  
  48  4:27  Interference Matrix, Marine x2  
  48  4:29  Supply Depot  
  53  4:34  SCV  
  53  4:35  Supply Depot  
  53  4:38  SCV  
  55  4:45  Marine x2, Siege Tank  
  55  4:46  SCV  
  55  4:50  SCV  
  62  4:59  Command Center  
  62  5:01  SCV  
  62  5:04  Raven  
  65  5:07  SCV  
  65  5:09  Marine  
  65  5:10  Marine  
  65  5:13  SCV  
  69  5:17  Supply Depot  
  69  5:19  SCV  
  70  5:21  Refinery  
  70  5:25  Siege Tank, SCV  
  74  5:32  SCV  
  74  5:34  Marine x2  
  73  5:37  SCV  
  74  5:44  Barracks  
  74  5:46  Barracks, SCV  
  74  5:49  SCV  
  76  5:50  Supply Depot  
  76  5:58  SCV  
  76  6:00  Viking x2, Siege Tank  
  76  6:01  SCV  
  85  6:08  Marine  
  85  6:09  Stimpack  
  85  6:10  SCV  
  87  6:20  SCV  
  88  6:37  Barracks Reactor x2  
  88  6:38  Marine  
  88  6:39  Siege Tank  
  92  6:41  Viking x2  
  92  6:43  SCV x2  
  92  6:44  Orbital Command  
  98  6:52  Engineering Bay x2  
  98  6:53  Supply Depot  
  98  6:59  Barracks x2  
  98  7:00  SCV x2  
  100  7:08  Marine  
  101  7:13  Viking x2  
  101  7:15  Marine  
  106  7:18  Marine x3  
  106  7:21  SCV x2  
  108  7:24  Terran Infantry Weapons Level 1, Terran Infantry Armor Level 1  
  108  7:26  Marine  
  108  7:27  SCV  
  110  7:31  Siege Tank  
  113  7:39  Marine x3  
  113  7:40  Marine  
  113  7:41  Sensor Tower  
  117  7:47  Barracks Reactor x2  
  117  7:48  Medivac  
  117  7:49  Combat Shield  
  119  7:53  Refinery x2  
  119  7:55  Supply Depot  
  119  7:56  Supply Depot  
  119  7:59  Medivac  
  119  8:00  SCV x2  
  119  8:02  Marine x2  
  125  8:13  Supply Depot  
  125  8:15  Marine x3  
  125  8:16  SCV x2  
  125  8:20  Marine x2  
  125  8:26  Marine, Armory, Supply Depot  
  128  8:27  Marine  
  128  8:29  Marine  
  128  8:32  Marine  
  128  8:33  Marine x2  
  128  8:34  Marine  
  131  8:37  SCV x2  
  131  8:38  Marine x2  
  136  8:53  Marine x3  
  136  8:54  Marine x2, Supply Depot  
  136  8:55  Marine x2  
  142  8:57  Marine  
  142  8:58  Marine  
  142  9:00  Command Center  
  145  9:03  Medivac x2  
  147  9:10  Marine  
  147  9:11  Marine x2  
  147  9:12  Marine, SCV x3  
  147  9:14  Siege Tank  
  157  9:18  Factory  
  157  9:21  Marine x2  
  157  9:22  Barracks Reactor  
  155  9:31  Marine x2  
  155  9:32  Marine x2  
  155  9:34  Marine  
  155  9:35  Marine  
  155  9:37  Medivac x2  
  149  9:38  Marine  
  134  9:46  Marine  
  134  9:48  Marine  
  134  9:49  Marine, SCV x2  
  134  9:50  Marine x2  
  134  9:52  Marine x2  
  139  9:53  SCV  
  139  9:56  Marine  
  140  10:01  SCV  
  140  10:04  Marine  
  140  10:07  Medivac x2  
  135  10:10  Marine x4  
  135  10:11  Marine x3  
  135  10:12  Marine  
  129  10:15  Planetary Fortress  
  129  10:18  SCV x2  
  129  10:20  SCV  
  130  10:23  Marine x2  
  130  10:27  Siege Tank  
  130  10:28  Marine x2  
  136  10:32  Sensor Tower  
  136  10:33  Marine x2  
  136  10:34  Marine x2  
  141  10:37  Marine  
  149  10:44  Marine x3  
  149  10:46  Marine  
Show
View Real Time Build Order
Export as new Build Order

Vindicta Terran 

Build Orders:  

Get SALT Encoding   

  12  0:00  SCV  
  13  0:12  SCV  
  14  0:17  Supply Depot  
  14  0:24  SCV  
  15  0:38  SCV  
  15  0:39  Barracks  
  16  0:43  Refinery  
  16  0:50  SCV  
  16  0:54  Refinery  
  17  1:02  SCV  
  18  1:15  SCV  
  19  1:26  Reaper  
  19  1:27  Orbital Command  
  19  1:32  Supply Depot  
  20  1:43  Factory  
  20  1:53  SCV  
  21  1:58  Reaper  
  22  2:05  SCV  
  23  2:17  SCV  
  24  2:24  Command Center  
  24  2:29  Hellion  
  25  2:34  Reaper  
  25  2:35  SCV  
  27  2:46  Starport  
  27  2:52  Hellion  
  27  2:55  Supply Depot  
  27  2:56  SCV  
  30  3:08  SCV  
  30  3:09  Barracks Reactor  
  31  3:15  Refinery  
  31  3:16  Factory Tech Lab  
  31  3:20  SCV  
  31  3:24  Starport Tech Lab  
  32  3:34  Cyclone  
  35  3:48  SCV  
  34  3:50  Raven, Orbital Command  
  34  3:53  Marine x2  
  38  3:55  Interference Matrix  
  38  4:00  SCV  
  39  4:07  Cyclone  
  42  4:11  Marine x2  
  42  4:12  SCV  
  42  4:15  SCV  
  46  4:17  Supply Depot  
  46  4:24  SCV  
  46  4:25  Raven  
  46  4:27  SCV  
  46  4:29  Marine  
  51  4:31  Marine  
  51  4:36  SCV  
  53  4:42  Siege Tank  
  56  4:46  SCV  
  56  4:48  SCV  
  56  4:50  Supply Depot  
  56  4:51  Marine x2  
  60  4:58  SCV  
  60  4:59  Supply Depot  
  61  5:07  Raven  
  61  5:09  Marine  
  61  5:11  Marine  
  61  5:12  SCV  
  64  5:18  SCV  
  64  5:21  Siege Tank  
  67  5:24  SCV  
  69  5:30  SCV  
  64  5:36  SCV  
  64  5:42  SCV  
  67  5:48  SCV  
  67  5:49  Command Center  
  66  5:53  Siege Tank  
  66  5:54  SCV  
  66  5:55  Viking x2  
  74  5:57  Marine  
  74  6:00  SCV  
  74  6:02  Stimpack  
  76  6:06  SCV  
  74  6:14  Refinery  
  74  6:17  Barracks  
  74  6:18  Barracks, SCV  
  75  6:22  SCV  
  75  6:24  Command Center  
  75  6:25  Marine, Siege Tank  
  70  6:40  Viking, SCV x2  
  70  6:41  Engineering Bay x2, Viking  
  70  6:43  Marine  
  77  6:52  SCV  
  75  6:54  SCV  
  76  7:06  Supply Depot  
  76  7:08  Barracks Reactor x2  
  76  7:10  Terran Infantry Weapons Level 1  
  62  7:15  Viking  
  76  7:25  Siege Tank, Supply Depot  
  76  7:26  Liberator  
  76  7:27  Marine, SCV x2  
  84  7:35  Terran Infantry Armor Level 1  
  85  7:39  SCV x2  
  85  7:42  Barracks, Orbital Command  
  86  7:45  Marine x4, Barracks  
  86  7:48  Marine  
  91  7:53  Viking  
  94  7:58  SCV x2  
  94  8:03  Marine, Combat Shield  
  94  8:04  Siege Tank  
  99  8:09  Marine  
  99  8:10  SCV x2  
  99  8:12  Marine  
  101  8:15  Marine  
  101  8:16  Viking  
  101  8:22  Marine  
  101  8:23  Marine  
  101  8:26  Marine  
  103  8:27  Viking  
  103  8:29  Marine  
  103  8:30  Marine  
  103  8:32  Marine  
  103  8:33  Marine  
  107  8:38  SCV x2, Orbital Command  
  107  8:40  Marine  
  111  8:44  Marine  
  113  8:50  SCV x2  
  116  8:56  Siege Tank  
  116  8:58  Supply Depot x2  
  116  9:01  Marine, Supply Depot  
  117  9:08  Barracks Reactor  
  117  9:09  SCV  
  117  9:15  Sensor Tower  
  117  9:19  Marine x3, Viking x2, SCV  
  117  9:20  SCV  
  117  9:21  Marine x2  
  117  9:22  Marine  
  126  9:35  SCV  
  126  9:37  Marine x3  
  127  9:38  Marine x2  
  127  9:41  Marine  
  127  9:43  SCV  
  127  9:45  Marine x2  
  119  9:53  Liberator  
  119  9:54  Marine x3, Liberator  
  119  9:56  Marine, SCV  
  119  9:58  SCV  
  130  10:00  Marine  
  130  10:03  Marine  
  119  10:12  Marine x3  
  119  10:13  SCV  
  119  10:14  SCV  
  119  10:18  Marine  
  118  10:21  Armory  
  118  10:23  Siege Tank  
  118  10:25  Marine  
  118  10:26  Marine x2, SCV x2  
  118  10:28  Marine  
  127  10:29  Orbital Command  
  127  10:33  Marine x2  
  127  10:34  Marine  
  130  10:36  Marine  
  130  10:38  SCV x2  
  133  10:43  Marine  
  133  10:44  Marine  
  133  10:46  Marine x2  
  137  10:50  SCV x2  
Tags
 
League
Master
Matchup
TvT
Player
Vindicta
Race
Terran
Spawn Locations
Cross Positions
Add a new tag
Caveats
  • Supply blocks, unpowered buildings, or Contaminate may cause inaccurate times.
  • Supply counts are checked every 10 seconds.